 Dungeon Crawl Stone Soup version 0.29-a0-716-gf28ee254f9 (webtiles) character file.

Game seed: 3692814033308621642

187554 rastignan the Severer (level 17, -5/128 HPs)
             Began as a Demonspawn Abyssal Knight on June 26, 2022.
             Was the Champion of Lugonu.
             Slain by an anaconda (12 damage)
             ... on level 4 of the Snake Pit.
             The game lasted 01:09:37 (46872 turns).

rastignan the Severer (Demonspawn Abyssal Knight)  Turns: 46872, Time: 01:09:37

Health: -5/128     AC: 27    Str: 21    XL:     17   Next: 88%
Magic:  30/30      EV:  8    Int: 11    God:    Lugonu [******]
Gold:   961        SH: 13    Dex: 18    Spells: 32/34 levels left

rFire   . . .      SeeInvis .   a - +3 broad axe (freeze)
rCold   . . .      Faith    .   H - +2 kite shield {rN+}
rNeg    + + .      Spirit   .   I - +4 chain mail {rPois}
rPois   +          Reflect  .   q - +2 hat
rElec   .          Harm     .   o - +2 cloak
rCorr   +          Rampage  +   h - +3 pair of gauntlets of War {Slay+5}
Will    ++...                   S - +0 pair of boots {rampage}
Stlth   ++........              m - amulet of the acrobat
HPRegen 0.31/turn               U - ring of the Mutiny {rN+ rCorr Slay+4 Stlth+}
MPRegen 0.22/turn               p - ring "Icegg" {Will+ Dex+3 Slay+3}

@: weakened, wereblooded
A: rugged brown scales 2, spiny 2, demonic magic 2, bedeviling, weakness stinger
2, mutation resistance 1
a: Renounce Religion, Depart the Abyss, Bend Space, Banish, Corrupt, Enter the
Abyss, Brand Weapon With Distortion


You were on level 4 of the Snake Pit.
You worshipped Lugonu.
Lugonu was exalted by your worship.
You visited 5 branches of the dungeon, and saw 29 of its levels.
You visited the Abyss 1 time.
You also visited: Gauntlet.

You collected 2849 gold pieces.
You spent 1888 gold pieces at shops.

Inventory:

Hand Weapons
 a - a +3 broad axe of freezing (weapon)
 b - a +4 demon trident of protection
Missiles
 E - 2 throwing nets
Armour
 g - +0 acid dragon scales
 h - the +3 pair of gauntlets of War (worn) {Slay+5}
   (You bought it in a shop on level 1 of the Orcish Mines)

   Slay:      It affects your accuracy & damage with ranged weapons and melee
   (+5).
 o - a +2 cloak (worn)
 q - a +2 hat (worn)
 u - a scarf of invisibility
 H - a +2 kite shield of positive energy (worn)
 I - a +4 chain mail of poison resistance (worn)
 J - +6 shadow dragon scales
 L - +0 fire dragon scales
 S - a +0 pair of boots of rampaging (worn)
Jewellery
 c - an amulet of guardian spirit
 m - an amulet of the acrobat (around neck)
 p - the ring "Icegg" (right hand) {Will+ Dex+3 Slay+3}
   (You found it in a Gauntlet)

   [ring of willpower]

   Dex:       It affects your dexterity (+3).
   Slay:      It affects your accuracy & damage with ranged weapons and melee
   (+3).
   Will:      It increases your willpower.
 U - the ring of the Mutiny (left hand) {rN+ rCorr Slay+4 Stlth+}
   (You found it in a Gauntlet)

   [ring of slaying]

   Slay:      It affects your accuracy & damage with ranged weapons and melee
   (+4).
   rN:        It protects you from negative energy.
   rCorr:     It protects you from acid and corrosion.
   Stlth:     It makes you more stealthy.
Wands
 y - a wand of light (9)
 G - a wand of digging (14)
 K - a wand of flame (21)
 N - a wand of charming (17)
 O - a wand of iceblast (12)
 P - a wand of polymorph (6)
Scrolls
 e - 3 scrolls of magic mapping
 f - 3 scrolls of poison
 i - 4 scrolls of torment
 j - 8 scrolls of teleportation
 k - 12 scrolls of vulnerability
 l - 7 scrolls of fog
 n - 2 scrolls of fear
 r - 8 scrolls of identify
 w - 5 scrolls of immolation
 x - 2 scrolls of silence
 A - a scroll of acquirement {unknown}
 Q - 3 scrolls of amnesia
Potions
 d - 6 potions of curing
 s - 7 potions of lignification
 t - 5 potions of resistance
 v - 4 potions of might
 z - 4 potions of magic
 B - 4 potions of flight
 C - 3 potions of ambrosia
 D - 5 potions of brilliance
 F - a potion of berserk rage
 M - a potion of attraction
 R - 4 potions of invisibility
 T - 4 potions of cancellation


   Skills:
 - Level 8.0 Fighting
 - Level 8.0 Short Blades
 - Level 15.9(18.0) Axes
 - Level 14.0(17.0) Polearms
 - Level 8.0 Armour
 - Level 4.0 Dodging
 - Level 8.0 Stealth
 - Level 8.0 Shields
 + Level 9.3 Spellcasting
 * Level 9.7 Transmutations
 - Level 10.0 Invocations


You had 32 spell levels left.
You knew the following spells:

 Your Spells              Type           Power      Damage    Failure   Level
z - Wereblood             Tmut           26%        N/A       7%          2

Your spell library contained the following spells:

 Spells                   Type           Power      Damage    Failure   Level
 Beastly Appendage        Tmut           52%        N/A       4%          1
 Sting                    Tmut/Pois      60%        1d6       34%         1
 Passwall                 Tmut/Erth      12%        N/A       45%         2
 Spider Form              Tmut/Pois      15%        N/A       71%         3
 Blade Hands              Tmut           13%        N/A       78%         5
 Apportation              Tloc           10%        N/A       94%         1
 Foxfire                  Conj/Fire      20%        2x1d5     94%         1
 Ensorcelled Hibernation  Hex/Ice        14%        N/A       98%         2
 Poisonous Vapours        Pois/Air       10%        N/A       98%         2
 Petrify                  Tmut/Erth      15%        N/A       98%         4
 Conjure Flame            Conj/Fire      5%         6-21      100%        3
 Inner Flame              Hex/Fire       7%         N/A       100%        3
 Swiftness                Air            5%         N/A       100%        3
 Airstrike                Air            2%         N/A       100%        4
 Animate Armour           Summ/Erth      10%        N/A       100%        4
 Animate Dead             Necr           5%         N/A       100%        4
 Corpse Rot               Necr/Pois/Air  5%         N/A       100%        4
 Flame Wave               Conj/Fire      5%         2d5       100%        4
 Fulminant Prism          Conj/Hex       3%         3d6       100%        4
 Leda's Liquefaction      Hex/Erth       3%         N/A       100%        4
 Olgreb's Toxic Radiance  Pois           5%         N/A       100%        4
 Summon Lightning Spire   Summ/Air       5%         N/A       100%        4
 Fireball                 Conj/Fire      2%         3d4       100%        5
 Freezing Cloud           Conj/Ice/Air   2%         6-21      100%        5
 Lee's Rapid Deconstruct  Erth           2%         3d6*      100%        5
 Lightning Bolt           Conj/Air       2%         1d14      100%        5
 Metabolic Englaciation   Hex/Ice        3%         N/A       100%        5
 Summon Forest            Summ/Tloc      2%         N/A       100%        5
 Eringya's Noxious Bog    Tmut/Pois      7%         N/A       100%        6
 Iron Shot                Conj/Erth      2%         9d2       100%        6
 Simulacrum               Ice/Necr       2%         N/A       100%        6
 Starburst                Conj/Fire      2%         6d3       100%        6
 Statue Form              Tmut/Erth      10%        N/A       100%        6
 Haunt                    Necr/Summ      2%         N/A       100%        7
 Summon Hydra             Summ           2%         N/A       100%        7
 Ignition                 Fire           2%         3d3       100%        8
 Infestation              Necr           2%         N/A       100%        8
 Polar Vortex             Ice            2%         N/A       100%        9


Dungeon Overview and Level Annotations

Branches:
Dungeon (15/15)            Temple (0/1) D:4            Lair (6/6) D:11
 Shoals (0/4) Lair:3        Snake (4/4) Lair:4        Slime (0/5) Lair:6
    Orc (2/2) D:11            Elf (2/3) Orc:2        Vaults (0/5) D:14
 Depths (0/4) D:15        Gauntlet (visited)

Altars:
Ashenzari
Cheibriados
Hepliaklqana
Okawaru
Ru
Sif Muna
Wu Jian
Xom
Yredelemnul
Zin
The Shining One
Beogh
Jiyva

Shops:
D:7 *   Orc:1 :[(   Orc:2 :??[   Elf:1 ?*   Elf:2 =   Snake:4 (*:?

Annotations:
D:12 2 transporters, Uwuyrubips's ghost, journeyman HuHu


Innate Abilities, Weirdness & Mutations

You are mostly covered in rugged brown scales. (AC +2, +5% HP)
You are mostly covered in sharp spines.
Spells you cast may paralyse nearby enemies.
Your hexes are more powerful.
You have a tail ending in a sharp stinger.
You are somewhat resistant to further mutation.


Message History

The salamander tyrant gazes fiercely through you!
You feel your attacks grow feeble. The anaconda is struck by your spines.
The anaconda bites you!
* * * LOW HITPOINT WARNING * * *
The nagaraja is struck by your spines. The nagaraja hits you with a +0 spear.
* * * LOW HITPOINT WARNING * * *
There is a large open door, spattered with blood here.
You feel better.
The black mamba bites you but does no damage.
You block the anaconda's attack.
The naga sharpshooter shoots an arrow.
You block the arrow.
The salamander tyrant gazes fiercely through you!
You feel as though you will be weak longer.
The nagaraja spits poison at you. The splash of poison hits you.
* * * LOW HITPOINT WARNING * * *
A naga comes into view. It is wielding a +0 glaive.
The black mamba is struck by your spines.
The black mamba bites you but does no damage.
A naga sharpshooter comes into view. It is wielding a +0 mace.
The anaconda completely misses you.
A salamander comes into view. It is wielding a +1 trident.
You slash the nagaraja! You freeze the nagaraja.
You tail-slap the nagaraja, but do no damage.
The nagaraja is moderately wounded.
You miss the anaconda. You hit the black mamba.
The black mamba seems to slow down.
You freeze the black mamba.
You hit the black mamba but do no damage.
The black mamba is no longer moving slowly.
The nagaraja is struck by your spines.
The nagaraja hits you but does no damage.
The anaconda bites you but does no damage.
The black mamba bites you but does no damage.
The black mamba bites you!
* * * LOW HITPOINT WARNING * * *
You slash the nagaraja! You freeze the nagaraja.
The nagaraja is severely wounded.
You completely miss the black mamba. You slash the black mamba!
You freeze the black mamba. You miss the anaconda. The anaconda bites you!
You die... .. .....##.....) NN.

....##....... .NN#
#...###..###.# #.N.#
#...##...##.... #.N.#
##..N##...##...#.
#...##...##...##......
#.N))))##...##..)..∩.
#SSSS##..#.#........
#..##N@##....)#........
............##..)#.∩..#.
##...####..##..#........
###. ##.....#........ .
#.....##.....∩. #
#......##...†..
.........##...#.
........# ##....
..#.....# ###.#


You could see 2 nagarajas, 2 naga sharpshooters, a salamander tyrant, a
salamander mystic, a salamander, 2 anacondas, 2 black mambas and 2 nagas.

Vanquished Creatures
  Saint Roka (Orc:2)
  Rupert (D:13)
  An azure jelly (Lair:6)
  Roxanne (D:14)
  2 nagarajas
  Louise (D:14)
  Aizul (Snake:2)
  3 deep elf sorcerers
  The ghost of Dwachs the Unseen, an adept SpEn of Gozag (Snake:1)
  An orc warlord (D:11)
  The ghost of CannotBeFrozen the Carver, a journeyman DgWr (D:14)
  A deep elf demonologist (Elf:1)
  2 dire elephants (Lair:6)
  A minotaur (Gauntlet)
  A deep elf annihilator (Elf:1)
  2 fire dragons (D:14)
  A vault guard (D:14)
  Erolcha (Orc:2)
  2 boulder beetles
  Harold (Lair:1)
  8 hydras
  7 centaur warriors
  3 death yaks
  11 dancing weapons
  3 anacondas
  4 naga warriors
  8 shock serpents
  4 naga sharpshooters
  The ghost of MagicSucks the Fighter, a novice NaCA of Ignis (D:9)
  4 tengu warriors
  Urug (D:13)
  6 orc high priests
  Sonja (Orc:2)
  7 deep elf knights
  2 spectral death yaks (Lair:6)
  A golden dragon zombie (D:15)
  A salamander mystic (Snake:3)
  5 skeletal warriors
  Lodul (D:13)
  A spectral anaconda (Lair:6)
  7 sea snakes
  A flayed ghost (D:14)
  An obsidian statue (Lair:6)
  7 deep elf archers
  4 naga ritualists
  4 wizards
  4 necromancers
  Pikel (D:6)
  A harpy (shapeshifter) (D:15)
  19 deep elf pyromancers
  23 deep elf zephyrmancers
  10 mana vipers
  2 orc knights
  22 ugly things
  11 salamanders
  An orc sorcerer (Orc:2)
  2 tengu skeletons (D:15)
  5 cyclopes
  2 manticores
  16 elephants (Lair:6)
  A dire elephant zombie (Lair:6)
  39 black mambas
  A fire giant skeleton (D:15)
  An apocalypse crab (Gauntlet)
  A torpor snail (Lair:6)
  A dire elephant skeleton (Lair:6)
  4 guardian serpents
  11 naga magi
  Maggie (D:7)
  12 cane toads
  A kobold demonologist (D:10)
  2 gargoyles (D:12)
  A freezing wraith (D:15)
  A komodo dragon (shapeshifter) (D:14)
  An unseen horror (D:12)
  5 rime drakes
  5 yaktaurs (D:15)
  10 komodo dragons
  2 efreet
  A tengu conjurer (Elf:1)
  13 trolls
  2 polar bears (D:11)
  11 blink frogs
  A hornet (D:9)
  11 slime creatures
  A snapping turtle (Lair:3)
  2 spectral elephants (Lair:6)
  7 dream sheep (Lair:3)
  A centaur simulacrum (D:11)
  Sigmund (D:4)
  An air elemental (Elf:1)
  3 shadows
  2 wraiths (D:11)
  A vampire (D:13)
  2 fire elementals
  5 basilisks
  3 wyverns
  55 yaks
  Grum (D:8)
  11 vampire mosquitoes
  A death yak simulacrum (Lair:6)
  24 nagas
  2 steam dragons (D:8)
  A warg (Orc:2)
  A spectral cane toad (Lair:6)
  5 acid dragons
  21 water moccasins
  43 orc warriors
  2 black bears
  2 ice beasts (D:11)
  2 sky beasts
  3 elephant zombies (Lair:6)
  A boggart (Elf:1)
  10 centaurs
  15 wolves
  17 ogres
  An elephant skeleton (Lair:6)
  A phantom (D:5)
  A kobold brigand (D:10)
  13 bullfrogs
  A gnoll sergeant (D:13)
  2 necrophages
  2 cane toad simulacra (Lair:6)
  A scorpion (D:6)
  12 wights
  A hornet simulacrum (D:14)
  3 elephant simulacra (Lair:6)
  15 killer bees
  A vampire bat (D:6)
  2 howler monkeys (D:9)
  A lava snake (Lair:6)
  3 electric eels
  5 jellies
  4 hounds
  25 orc priests
  7 iguanas
  Natasha (thrice) (D:3)
  16 orc wizards
  A boggart simulacrum (D:15)
  14 gnolls
  8 adders
  3 shadow imps
  4 white imps
  An ufetubus (D:11)
  2 worms
  5 dart slugs
  93 orcs
  13 bats
  5 endoplasms
  3 giant cockroaches
  9 hobgoblins
  12 kobolds
  2 quokkas
  10 ball pythons
  4 frilled lizards (D:1)
  3 goblins
  13 rats
958 creatures vanquished.

Vanquished Creatures (others)
  A deep elf knight (Elf:2)
  A deep elf pyromancer (Elf:2)
  A cyclops (D:13)
  A howler monkey (D:9)
  11 fungi
  21 plants
  17 withered plants
53 creatures vanquished.

Grand Total: 1011 creatures vanquished

Notes
Turn   | Place    | Note
-------+----------+-------------------------------------------
     0 | Abyss:1  | rastignan the Demonspawn Abyssal Knight began the quest for
                  | the Orb.
     0 | Abyss:1  | Reached XP level 1. HP: 18/18 MP: 2/2
     1 | Abyss:1  | Found a corrupted altar of Lugonu.
   242 | Abyss:1  | Noticed an ophan
   243 | D:1      | Escaped the Abyss
   499 | D:1      | Reached ** piety under Lugonu
   659 | D:1      | Gained mutation: You are partially covered in rugged brown
                  | scales. (AC +1, +3% HP) [demonic ancestry]
   659 | D:1      | Reached XP level 2. HP: 17/24 MP: 3/3
  1399 | D:1      | Found a faded altar of an unknown god.
  1417 | D:1      | Reached XP level 3. HP: 28/29 MP: 4/4
  3180 | D:3      | Gained mutation: You are partially covered in sharp spines.
                  | [demonic ancestry]
  3180 | D:3      | Reached XP level 4. HP: 32/36 MP: 5/5
  3248 | D:3      | Reached skill level 1 in Dodging
  3444 | D:3      | Noticed an angel
  3445 | D:3      | Found a shimmering altar of Xom.
  3519 | D:3      | Noticed Natasha
  3530 | D:3      | Killed Natasha
  3530 | D:3      | Reached *** piety under Lugonu
  3803 | D:3      | Noticed Natasha
  3811 | D:3      | Killed Natasha
  3946 | D:3      | Found a shimmering altar of Xom.
  4054 | D:3      | Noticed Natasha
  4063 | D:3      | Killed Natasha
  4064 | D:3      | Reached XP level 5. HP: 32/42 MP: 6/6
  4616 | D:4      | Noticed an ogre
  4628 | D:4      | Killed an ogre
  4825 | D:4      | Found a staircase to the Ecumenical Temple.
  4826 | D:4      | Noticed Sigmund
  4933 | D:4      | Gained mutation: You are mostly covered in sharp spines.
                  | [demonic ancestry]
  4933 | D:4      | Reached XP level 6. HP: 19/48 MP: 7/7
  5754 | D:4      | Reached XP level 7. HP: 52/53 MP: 7/9
  5917 | D:4      | Killed Sigmund
  6121 | D:5      | Entered Level 5 of the Dungeon
  6138 | D:5      | Reached skill level 5 in Invocations
  6273 | D:5      | Reached **** piety under Lugonu
  6384 | D:5      | Gained mutation: You have a small tail. [demonic ancestry]
  6384 | D:5      | Reached XP level 8. HP: 52/62 MP: 11/13
  6973 | D:5      | Found a snail-covered altar of Cheibriados.
  7053 | D:6      | Found a shimmering blue altar of Sif Muna.
  7054 | D:6      | Found an ornate altar of the Wu Jian Council.
  7076 | D:6      | Reached skill level 5 in Fighting
  7411 | D:6      | Noticed Pikel
  7434 | D:6      | Killed Pikel
  7652 | D:6      | Reached skill level 10 in Invocations
  7807 | D:6      | Gained mutation: Spells you cast may paralyse adjacent
                  | enemies. [demonic ancestry]
  7807 | D:6      | Reached XP level 9. HP: 72/72 MP: 16/16
  8306 | D:7      | Noticed Maggie
  8332 | D:7      | Killed Maggie
  8333 | D:7      | Reached skill level 5 in Short Blades
  8666 | D:7      | Found a faded altar of an unknown god.
  8666 | D:7      | Found a faded altar of an unknown god.
  8668 | D:7      | Found a hazy altar of Hepliaklqana.
  8749 | D:7      | Found Bollou's General Store.
  9662 | D:8      | Noticed Grum
  9816 | D:8      | Killed Grum
  9995 | D:8      | Noticed a troll
 10007 | D:8      | Killed a troll
 10008 | D:8      | Reached XP level 10. HP: 71/82 MP: 17/17
 10976 | D:7      | Bought a +0 demon trident for 210 gold pieces
 10976 | D:7      | Bought a scroll of identify for 28 gold pieces
 11215 | D:8      | Reached skill level 1 in Polearms
 11385 | D:8      | Found a basalt altar of Yredelemnul.
 11388 | D:8      | Found a sacrificial altar of Ru.
 11389 | D:8      | Found an iron altar of Okawaru.
 12263 | D:9      | Noticed a manticore
 12270 | D:9      | Killed a manticore
 12271 | D:9      | Reached skill level 5 in Polearms
 12394 | D:9      | Noticed MagicSucks's ghost (novice NaCA)
 12395 | D:9      | Noticed a centaur warrior
 12396 | D:9      | Found a runed translucent gate.
 12397 | D:9      | Found a runed translucent gate.
 12397 | D:9      | Found a runed translucent gate.
 13106 | D:10     | Entered Level 10 of the Dungeon
 13127 | D:10     | Noticed a rust devil
 13130 | D:10     | Gained mutation: You occasionally lose the ability to drink
                  | potions when taking damage. [a neqoxec]
 13133 | D:10     | Noticed an orange demon
 13396 | D:10     | You fall into a shaft and drop 3 floors!
 13402 | D:13     | Noticed a tengu warrior
 13418 | D:13     | Gained mutation: Spells you cast may paralyse nearby
                  | enemies. [demonic ancestry]
 13418 | D:13     | Reached XP level 11. HP: 64/88 MP: 18/18
 13421 | D:13     | Reached ***** piety under Lugonu
 13461 | D:13     | Noticed a centaur warrior
 13635 | D:13     | Noticed a tengu warrior
 13645 | D:13     | Killed a centaur warrior
 13650 | D:13     | Killed a tengu warrior
 13860 | D:13     | Noticed a deep elf zephyrmancer
 13999 | D:13     | Noticed a brown ugly thing
 14000 | D:13     | Noticed Rupert
 14006 | D:13     | Noticed a centaur warrior
 14024 | D:13     | Killed a centaur warrior
 14033 | D:13     | Reached skill level 10 in Polearms
 14164 | D:13     | Noticed Lodul
 14183 | D:13     | Killed Lodul
 14400 | D:13     | Killed a tengu warrior
 14501 | D:11     | Found a staircase to the Orcish Mines.
 14982 | D:11     | Noticed a four-headed hydra
 14993 | D:11     | Killed a four-headed hydra
 15294 | D:11     | Noticed a death yak
 15310 | D:11     | Killed a death yak
 15311 | D:11     | Gained mutation: You have a tail ending in a sharp stinger.
                  | [demonic ancestry]
 15311 | D:11     | Reached XP level 12. HP: 77/94 MP: 19/19
 15607 | D:11     | Found a staircase to the Lair.
 16509 | D:12     | Noticed a seven-headed hydra
 16537 | D:12     | Killed a seven-headed hydra
 16898 | D:12     | Noticed an eight-headed hydra
 16914 | D:12     | Killed an eight-headed hydra
 17270 | D:12     | Noticed Uwuyrubips's ghost (journeyman HuHu)
 17271 | D:12     | Found a transporter.
 17275 | D:12     | Found a transporter.
 17390 | Lair:1   | Entered Level 1 of the Lair of Beasts
 17533 | Lair:1   | Reached skill level 1 in Stealth
 17918 | Lair:1   | Noticed Harold
 17929 | Lair:1   | Reached skill level 5 in Stealth
 17941 | Lair:1   | Killed Harold
 18675 | Lair:2   | Reached XP level 13. HP: 81/100 MP: 20/20
 18972 | Lair:2   | HP: 2/100 [yak (12)]
 19922 | Lair:3   | Reached skill level 1 in Shields
 19929 | Lair:3   | HP: 4/100 [blink frog (20)]
 20609 | Lair:3   | Found a staircase to the Shoals.
 20758 | Lair:3   | Found a transporter.
 20758 | Lair:3   | Found a transporter.
 21293 | Lair:3   | Reached skill level 5 in Shields
 21618 | Lair:4   | Found an iron altar of Okawaru.
 22099 | D:9      | Killed MagicSucks's ghost
 22422 | Lair:4   | Found a staircase to the Snake Pit.
 23369 | Lair:5   | Found a gate leading to a gauntlet.
 23384 | Gauntlet | Entered a Gauntlet
 23384 | Gauntlet | Found a transporter.
 23387 | Gauntlet | Found a transporter.
 23405 | Gauntlet | Found a transporter.
 23407 | Gauntlet | Found a transporter.
 23427 | Gauntlet | Found a transporter.
 23440 | Gauntlet | Found a transporter.
 23459 | Gauntlet | Found a transporter.
 23460 | Gauntlet | Found a transporter.
 23463 | Gauntlet | Found a transporter.
 23463 | Gauntlet | Found a transporter.
 23469 | Gauntlet | Found a transporter.
 23532 | Gauntlet | Identified the ring "Icegg" {Will+ Dex+3 Slay+3}
 23541 | Gauntlet | Found a runed translucent door.
 23568 | Gauntlet | Reached skill level 5 in Armour
 23593 | Gauntlet | Identified the ring of the Mutiny {rN+ rCorr Slay+4 Stlth+}
 23601 | Gauntlet | Identified the +7 hand axe of Dullness {holy, rPois rF+}
 23611 | Gauntlet | Noticed a minotaur
 23625 | Gauntlet | Killed a minotaur
 23930 | Gauntlet | Identified the +7 short sword of Oqoss {flame, Int+5}
 24629 | Lair:5   | Gained mutation: You are mostly covered in rugged brown
                  | scales. (AC +2, +5% HP) [demonic ancestry]
 24629 | Lair:5   | Reached XP level 14. HP: 20/110 MP: 21/21
 25307 | Lair:6   | Entered Level 6 of the Lair of Beasts
 25946 | Lair:6   | Reached ****** piety under Lugonu
 25952 | Lair:6   | Reached skill level 1 in Axes
 26165 | Lair:6   | Reached skill level 2 in Axes
 26324 | Lair:6   | Reached skill level 3 in Axes
 26474 | Lair:6   | Reached skill level 4 in Axes
 26711 | Lair:6   | Reached skill level 5 in Axes
 27605 | Lair:6   | Reached skill level 6 in Axes
 27651 | Lair:6   | Noticed an azure jelly
 27661 | Lair:6   | Killed an azure jelly
 27800 | Lair:6   | Found a staircase to the Slime Pits.
 27801 | Lair:6   | Found a viscous altar of Jiyva.
 27927 | Lair:6   | Reached skill level 7 in Axes
 28221 | Lair:6   | Reached skill level 8 in Axes
 28262 | Lair:6   | Identified the amulet "Daunien" {RegenMP Rampage rN+}
 28580 | Orc:1    | Entered Level 1 of the Orcish Mines
 28580 | Orc:1    | Noticed an orc warlord
 28608 | D:11     | Killed an orc warlord
 28842 | Orc:1    | Found Abbumn's Book Emporium.
 28925 | Orc:1    | Found Byblajoxt's Antique Armour Shop.
 29037 | Orc:1    | Found Silokh's Antique Weapon Boutique.
 29045 | Orc:1    | Reached skill level 9 in Axes
 29510 | Orc:1    | Bought the +3 pair of gauntlets of War {Slay+5} for 1425
                  | gold pieces
 29510 | Orc:1    | Found the +3 pair of gauntlets of War {Slay+5}
 29527 | Orc:2    | Entered Level 2 of the Orcish Mines
 29555 | Orc:2    | Found a staircase to the Elven Halls.
 29555 | Orc:2    | Noticed Saint Roka
 30642 | Orc:2    | Killed Saint Roka
 30643 | Orc:2    | Reached XP level 15. HP: 30/115 MP: 22/22
 31069 | Orc:2    | Noticed Erolcha
 31074 | Orc:2    | Killed Erolcha
 31075 | Orc:2    | Reached skill level 10 in Axes
 31379 | Orc:2    | Noticed Sonja
 31407 | Orc:2    | Killed Sonja
 31904 | Orc:2    | Reached skill level 11 in Axes
 32042 | Orc:2    | Found Piliger's Magic Scroll Shoppe.
 32045 | Orc:2    | Found Ipeav's Magic Scroll Emporium.
 32046 | Orc:2    | Found Kixkefoe's Book Shoppe.
 32047 | Orc:2    | Found Omupniz's Antique Armour Shoppe.
 32303 | Orc:2    | Bought a glowing cloak for 225 gold pieces
 32457 | D:13     | Killed Rupert
 32841 | D:13     | Lost mutation: You occasionally lose the ability to drink
                  | potions when taking damage. [potion of mutation]
 32841 | D:13     | Gained mutation: You are somewhat resistant to further
                  | mutation. [potion of mutation]
 33033 | D:13     | Noticed Urug
 33039 | D:13     | Killed Urug
 33501 | D:14     | Reached skill level 12 in Axes
 33769 | D:14     | Noticed Louise
 33779 | D:14     | Killed Louise
 33926 | D:14     | Noticed Roxanne
 33943 | D:14     | Killed Roxanne
 34051 | D:14     | Found a broken altar of Ashenzari.
 34556 | D:14     | Reached skill level 13 in Axes
 34683 | D:14     | Found a runed translucent door.
 34687 | D:14     | Noticed CannotBeFrozen's ghost (journeyman DgWr)
 35443 | D:14     | Found a gate to the Vaults.
 35453 | D:14     | Learned a level 2 spell: Wereblood
 35635 | D:15     | Entered Level 15 of the Dungeon
 35666 | D:15     | Reached skill level 1 in Spellcasting
 35666 | D:15     | Reached skill level 1 in Transmutations
 35677 | D:15     | Reached skill level 14 in Axes
 35968 | D:15     | Reached XP level 16. HP: 100/122 MP: 23/23
 36245 | D:15     | Found a staircase to the Depths.
 36493 | D:14     | Killed CannotBeFrozen's ghost
 37120 | Snake:1  | Entered Level 1 of the Snake Pit
 37175 | Snake:1  | Got the Disquisition on Dislocated Curses
 37206 | Snake:1  | Found a runed translucent gate.
 37207 | Snake:1  | Found a runed translucent gate.
 37207 | Snake:1  | Noticed Dwachs's ghost (adept SpEn)
 37208 | Snake:1  | Found a runed translucent gate.
 37928 | Snake:1  | Killed Dwachs's ghost
 38264 | Snake:2  | Noticed Aizul
 38282 | Snake:2  | Killed Aizul
 38288 | Snake:2  | HP: 6/122 [poisoned by Aizul (poison arrow)]
 39463 | Snake:3  | Reached skill level 5 in Spellcasting
 39463 | Snake:3  | Reached skill level 5 in Transmutations
 40096 | Snake:3  | HP: 1/122 [shock serpent/bolt of electricity (8)]
 40104 | Snake:3  | HP: 5/122 [shock serpent/bolt of electricity (22)]
 40670 | Elf:1    | Entered Level 1 of the Elven Halls
 40720 | Elf:1    | HP: 1/122 [deep elf zephyrmancer/bolt of lightning (11)]
 41098 | Elf:1    | Reached skill level 15 in Axes
 41282 | Elf:1    | Found Xinumuv's Magic Scroll Shop.
 41496 | Elf:1    | Noticed an Ice Fiend
 42121 | Elf:1    | Found Fonasaeci's Gadget Gallery.
 42223 | Elf:1    | Gained mutation: Your hexes are more powerful. [demonic
                  | ancestry]
 42223 | Elf:1    | Reached XP level 17. HP: 123/128 MP: 26/26
 42487 | Elf:1    | Paralysed by an air elemental for 1 turns
 42491 | Elf:1    | Paralysed by an air elemental for 1 turns
 43271 | Elf:2    | Found Istrisooph's Jewellery Shop.
 43411 | Elf:2    | Found a runed translucent gate.
 43412 | Elf:2    | Found a runed translucent gate.
 43412 | Elf:2    | Found a runed translucent gate.
 43508 | Elf:2    | HP: 2/128 [deep elf zephyrmancer/bolt of lightning (22)]
 44135 | Elf:2    | Noticed a deep elf blademaster
 46068 | Snake:4  | Entered Level 4 of the Snake Pit
 46617 | Snake:4  | Found Toagedotis's Magic Scroll Boutique.
 46617 | Snake:4  | Found Xuhedy's Antique Weapon Shop.
 46622 | Snake:4  | Found Gelu's Book Boutique.
 46625 | Snake:4  | Found Karafuol's Assorted Antiques.
 46869 | Snake:4  | HP: 5/128 [nagaraja/+0 spear (4)]
 46872 | Snake:4  | Slain by an anaconda

Illustrated notes

Levels and vault maps discovered:
D:1:      lightli_arrival_boilingwater, layout_basic,
          hellmonk_ecumenical_altar_crossroads, minmay_rat_gold_closets
D:2:      layout_basic
D:3:      layout_basic, grunt_temple_overflow_order_and_chaos_1, uniq_natasha
D:4:      minmay_chambers_of_threes, layout_loops_ring,
          minmay_temple_entry_tees, grunt_ministairs_14, uniq_sigmund
D:5:      layout_cave_pools, lemuel_tele_altar, dreamdust_gnoll_farm
D:6:      layout_loops_ring, chequers_temple_overflow_statue_of_worship,
          roderic_batcave, uniq_pikel
D:7:      layout_loops_ring, nicolae_hepliaklqana_ecumenical_no_more,
          serial_shops, shop, uniq_maggie
D:8:      layout_loops_corners, mainiacjoe_overflow_alcove_3,
          roderic_serpentine_path, st_stairs_13, uniq_grum
D:9:      layout_loops_ring, gammafunk_ghost_split,
          chequers_serial_rivers_large_b
D:10:     layout_rooms, nicolae_sextant
D:11:     layout_long_grid, lair_entry_dummy, minmay_orc_entry_temple_small,
          serial_ice, serial_ice_g, serial_ice_i, serial_ice_c, serial_ice_h
D:12:     layout_cross, serial_column_ruins, column_ruins_hut_ruined,
          column_ruins_hut, column_ruins_corridor_T,
          column_ruins_columns_dead_end, column_ruins_open_medium,
          column_ruins_grid_1, gammafunk_ghost_hive
D:13:     layout_basic, lemuel_nasty_fountain, uniq_urug, uniq_rupert,
          uniq_lodul
D:14:     layout_basic, david_vaults_5, ebering_ghost_reflecting_pool,
          ashenzari_conservatory_becter, uniq_louise, uniq_roxanne
D:15:     gammafunk_depths_entry_grave, layout_rooms, nicolae_figureground_pulse
Lair:1:   layout_regular_city, grunt_megastairs_3, uniq_harold
Lair:2:   layout_small_grid
Lair:3:   gammafunk_boulding_lane, layout_loops_ring, minmay_shoals_entry_hut,
          serial_bayou_shore_a, infiniplex_staircase_pool_2
Lair:4:   layout_regular_city, minmay_snake_entry_six_corridors, basic_altar,
          chequers_serial_rivers_room_a, infiniplex_staircase_pool
Lair:5:   layout_regular_city, gauntlet_entry_generic
Lair:6:   due_jungle_book, layout_gridlike, slime_entry_1, ldierk_geyser,
          nicolae_lair_time_for_slime
Snake:1:  layout_gridlike, gammafunk_ghost_split, drop_trap
Snake:2:  layout_chambers, uniq_aizul
Snake:3:  layout_basic, nicolae_elevator_lobby_asterisk, serial_bayou_shore_b,
          grunt_megastairs_2
Snake:4:  johnstein_snake_rune_scales, layout_misc_corridors,
          nicolae_snake_springs, minmay_shoptagon, uniq_vashnia
Orc:1:    layout_caves, serial_shops, shop_fountains,
          nicolae_shop_temple_entry_statues_fountains, shop
Orc:2:    st_orc_pillars, layout_diamond_mine, uniq_erolcha, uniq_sonja,
          uniq_saint_roka
Elf:1:    minmay_elf_arrival_plus, layout_loops_cross, serial_shops,
          nicolae_shop_behind_doors, hangedman_elf_disciples,
          minmay_crystal_room, nicolae_shop_gadgets
Elf:2:    nicolae_elf_blades_crystal_corner, layout_gridlike, serial_shops,
          nicolae_shop_hallway_plus, moated_statue

Skill      XL: |  1  2  3  4  5  6  7  8  9 10 11 12 13 14 15 16 17 |
---------------+----------------------------------------------------+-----
Short Blades   | 2 3 4 7 8 |  8.0
Dodging        | 2 3 4 |  4.0
Armour         | 2 4 6 8 |  8.0
Invocations    | 3 6 10 | 10.0
Fighting       | 4 6 8 |  8.0
Polearms       | 8 12 14 | 14.0
Stealth        | 7 8 |  8.0
Shields        | 8 |  8.0
Axes           | 9 14 15 | 15.9
Spellcasting   | 1 6 9 |  9.3
Transmutations | 1 6 9 |  9.7

Action                   |  1- 3 |  4- 6 |  7- 9 | 10-12 | 13-15 | 16-18 || total
-------------------------+-------+-------+-------+-------+-------+-------++-------
Melee: Short sword       |   144 |    77 |       |       |       |       ||   221
       Punch             |     3 |     1 |     5 |     8 |       |       ||    17
       Rapier            |       |    53 |   267 |    63 |       |       ||   383
       Tailslap          |       |       |    24 |   109 |   226 |   105 ||   464
       Demon trident     |       |       |       |   632 |  1154 |   221 ||  2007
       Broad axe         |       |       |       |       |   110 |   409 ||   519
 Cast: Wereblood         |       |       |       |       |       |     3 ||     3
Invok: Depart the Abyss  |     1 |       |       |       |       |       ||     1
       Banish            |       |       |       |     2 |     6 |     1 ||     9
       Bend Space        |       |       |       |     2 |     2 |       ||     4
  Use: Potion            |       |     2 |     6 |     2 |     4 |     8 ||    22
       Scroll            |       |       |    10 |    11 |    25 |     3 ||    49
 Stab: Sleeping          |     1 |       |       |     1 |    26 |    25 ||    53
       Distracted        |       |       |       |       |    11 |     2 ||    13
       Paralysed         |       |       |       |       |       |     2 ||     2
Armor: Leather armour    |    41 |    29 |    34 |       |       |       ||   104
       Steam dragon scal |       |       |    15 |    37 |       |       ||    52
       Acid dragon scale |       |       |       |   253 |   128 |       ||   381
       Shadow dragon sca |       |       |       |       |   249 |   103 ||   352
       Chain mail        |       |       |       |       |    67 |   114 ||   181
Dodge: Dodged            |    62 |    57 |   160 |   401 |   344 |   129 ||  1153
Block: Kite shield       |       |       |       |    46 |   563 |   253 ||   862

Table legend: (Time is in decaauts)
 A = Elapsed time spent in this place.
 B = Non-inter-level travel time spent in this place.
 C = Inter-level travel time spent in this place.
 D = Time resting spent in this place.
 E = Time spent auto-exploring this place.
 F = Levels seen in this place.
 G = Mean time per level.
                   A        B        C        D        E       F      G
               +--------+--------+--------+--------+--------+-----+--------+
         Total |  46498 |  43859 |   2639 |   2400 |  35212 |  31 | 1499.9 |
       Dungeon |  22674 |  21317 |   1357 |    595 |  17878 |  15 | 1511.6 |
          Lair |  10134 |   9413 |    721 |    432 |   7580 |   6 | 1689.0 |
     Snake Pit |   5676 |   5499 |    177 |      0 |   4798 |   4 | 1419.0 |
  Orcish Mines |   3939 |   3642 |    297 |    526 |   2488 |   2 | 1969.5 |
   Elven Halls |   3191 |   3106 |     85 |    547 |   2052 |   2 | 1595.5 |
         Abyss |    243 |    243 |      0 |      0 |    240 |   1 |  243.0 |
      Gauntlet |    639 |    639 |      0 |    299 |    175 |   1 |  639.0 |
               +--------+--------+--------+--------+--------+-----+--------+

Top non-repeatable levels by time:
    D:14: 2707 daAuts
  Lair:6: 2578 daAuts
 Snake:3: 2438 daAuts
   Orc:2: 2238 daAuts
     D:8: 2231 daAuts
  Lair:3: 2150 daAuts
    D:13: 2060 daAuts
    D:11: 1837 daAuts
 Snake:2: 1819 daAuts
   Elf:1: 1779 daAuts
     D:7: 1720 daAuts
   Orc:1: 1700 daAuts
     D:3: 1670 daAuts
  Lair:5: 1637 daAuts
     D:4: 1517 daAuts
